TOP OF THE 1ST |
Tulsa Drillers batting - Pitching for Columbia Fireflies : RHP Matt Bennett
|
Pitching: RHP Matt Bennett
|
|
Batting: RHB Marcos Villalobos
|
0-0: Foul Ball, location: 2F 0-1: Fly out, F3 (Popup, 3F, EV 67.5 MPH)
|
Batting: SHB Nate Kopchak
|
0-0: SINGLE (Groundball, 6D, EV 106.2 MPH)
|
Batting: LHB Kevin Wiebe
|
0-0: Foul Ball, location: 2F 0-1: Swinging Strike 0-2: Ball 1-2: Hit by Pitch Nate Kopchak to second
|
Batting: RHB Jonathan Kirsch
|
0-0: Foul Ball, location: 2F 0-1: Swinging Strike 0-2: Strikes out swinging
|
Batting: RHB Tony Rivera
|
0-0: Ball 1-0: Swinging Strike 1-1: Ball 2-1: Ball 3-1: Foul Ball, location: 2F 3-2: Base on Balls Nate Kopchak to third Kevin Wiebe to second
|
Batting: RHB Aaron Burress
|
0-0: Fly out, F6 (Popup, 6MS, EV 58.8 MPH)
|
Top of the 1st over - 0 runs, 1 hit, 0 errors, 3 left on base; Tulsa 0 - Columbia 0 |
BOTTOM OF THE 1ST |
Columbia Fireflies batting - Pitching for Tulsa Drillers : RHP Isidro Aguirre
|
Pitching: RHP Isidro Aguirre
|
|
Batting: SHB Masatoshi Akahoshi
|
0-0: Called Strike 0-1: Ball 1-1: Foul Ball, location: 2F 1-2: Ground out 5-3 (Groundball, 5, EV 92.5 MPH)
|
Batting: RHB Larry Shoop
|
0-0: SINGLE (Groundball, 34S, EV 66.2 MPH) (infield hit)
|
Batting: SHB Justin Wallace
|
0-0: Called Strike Larry Shoop steals 2nd base 0-1: Ball 1-1: Ball 2-1: Ball 3-1: Called Strike 3-2: Foul Ball, location: 2F 3-2: Base on Balls
|
Batting: LHB Tony Leyba
|
0-0: Ball 1-0: Foul Ball, location: 2F 1-1: Ball 2-1: Called Strike 2-2: Strikes out looking
|
Batting: RHB Jose Lara
|
0-0: Ball 1-0: Foul Ball, location: 2F 1-1: Foul Ball, location: 2F 1-2: Ball 2-2: Ground out 4-3 (Groundball, 4S, EV 86.2 MPH)
|
Bottom of the 1st over - 0 runs, 1 hit, 0 errors, 2 left on base; Tulsa 0 - Columbia 0 |
TOP OF THE 2ND |
Tulsa Drillers batting - Pitching for Columbia Fireflies : RHP Matt Bennett
|
Batting: RHB Nick Getz
|
0-0: Ball 1-0: Swinging Strike 1-1: Ball 2-1: Ball 3-1: Foul Ball, location: 2F 3-2: Fly out, F8 (Line Drive, 8LM, EV 88.1 MPH)
|
Batting: LHB Chris Barrera
|
0-0: Ground out U3 (Groundball, 13, EV 87.5 MPH)
|
Batting: RHB Kyle Garrett
|
0-0: Ball 1-0: Called Strike 1-1: Foul Ball, location: 2F 1-2: Fly out, F9 (Line Drive, 89M, EV 103.1 MPH)
|
Top of the 2nd over - 0 runs, 0 hits, 0 errors, 0 left on base; Tulsa 0 - Columbia 0 |
BOTTOM OF THE 2ND |
Columbia Fireflies batting - Pitching for Tulsa Drillers : RHP Isidro Aguirre
|
Batting: RHB Andy Carrell
|
0-0: Foul Ball, location: 2F 0-1: Ball 1-1: Ball 2-1: Fly out, F8 (Flyball, 8RD, EV 99.4 MPH)
|
Batting: RHB Dan Muse
|
0-0: Ground out 4-3 (Groundball, 4, EV 106.9 MPH)
|
Batting: RHB Fathi Addae
|
0-0: Swinging Strike 0-1: Called Strike 0-2: Strikes out swinging
|
Bottom of the 2nd over - 0 runs, 0 hits, 0 errors, 0 left on base; Tulsa 0 - Columbia 0 |
TOP OF THE 3RD |
Tulsa Drillers batting - Pitching for Columbia Fireflies : RHP Matt Bennett
|
Batting: RHB Marcos Villalobos
|
0-0: Foul Ball, location: 2F 0-1: Ball 1-1: Swinging Strike 1-2: Strikes out looking
|
Batting: SHB Nate Kopchak
|
0-0: Ball 1-0: Ball 2-0: Foul Ball, location: 2F 2-1: Ball 3-1: SINGLE (Groundball, 6D, EV 101.2 MPH)
|
Batting: LHB Kevin Wiebe
|
0-0: Ball 1-0: Fly out, F7 (Line Drive, 7, EV 107.5 MPH)
|
Batting: RHB Jonathan Kirsch
|
0-0: Ball 1-0: Ball 2-0: Ball 3-0: Called Strike 3-1: Foul Ball, location: 2F 3-2: SINGLE (Line Drive, 78S, EV 105.6 MPH) Nate Kopchak to second Nate Kopchak to third
|
Batting: RHB Tony Rivera
|
0-0: Ball 1-0: Swinging Strike 1-1: Ball 2-1: Ball 3-1: Called Strike 3-2: Strikes out looking
|
Top of the 3rd over - 0 runs, 2 hits, 0 errors, 2 left on base; Tulsa 0 - Columbia 0 |
BOTTOM OF THE 3RD |
Columbia Fireflies batting - Pitching for Tulsa Drillers : RHP Isidro Aguirre
|
Batting: RHB David Reyna
|
0-0: Ball 1-0: Ground out U3 (Groundball, 34, EV 98.1 MPH)
|
Batting: SHB Masatoshi Akahoshi
|
0-0: Fly out, F8 (Flyball, 8LM, EV 76.9 MPH)
|
Batting: RHB Larry Shoop
|
0-0: Ball 1-0: Foul Ball, location: 2F 1-1: Ball 2-1: Swinging Strike 2-2: Ground out 4-3 (Groundball, 34, EV 86.9 MPH)
|
Bottom of the 3rd over - 0 runs, 0 hits, 0 errors, 0 left on base; Tulsa 0 - Columbia 0 |
TOP OF THE 4TH |
Tulsa Drillers batting - Pitching for Columbia Fireflies : RHP Matt Bennett
|
Batting: RHB Aaron Burress
|
0-0: Ball 1-0: Ground out 6-3 (Groundball, 56, EV 101.2 MPH)
|
Batting: RHB Nick Getz
|
0-0: Called Strike 0-1: Ball 1-1: Swinging Strike 1-2: Ground out 5-3 (Groundball, 5S, EV 77.5 MPH)
|
Batting: LHB Chris Barrera
|
0-0: Swinging Strike 0-1: Ground out 4-3 (Groundball, 4, EV 108.1 MPH)
|
Top of the 4th over - 0 runs, 0 hits, 0 errors, 0 left on base; Tulsa 0 - Columbia 0 |
BOTTOM OF THE 4TH |
Columbia Fireflies batting - Pitching for Tulsa Drillers : RHP Isidro Aguirre
|
Batting: SHB Justin Wallace
|
0-0: Called Strike 0-1: SINGLE (Groundball, 34, EV 96.9 MPH)
|
Batting: LHB Tony Leyba
|
0-0: Called Strike 0-1: Ball 1-1: Foul Ball, location: 2F 1-2: Foul Ball, location: 2F 1-2: Ball 2-2: Fly out, F7 (Flyball, 7, EV 98.8 MPH)
|
Batting: RHB Jose Lara
|
0-0: Called Strike 0-1: Called Strike 0-2: Strikes out looking
|
Batting: RHB Andy Carrell
|
0-0: Ball 1-0: Ground out 3-1 (Groundball, 34, EV 101.2 MPH)
|
Bottom of the 4th over - 0 runs, 1 hit, 0 errors, 1 left on base; Tulsa 0 - Columbia 0 |
TOP OF THE 5TH |
Tulsa Drillers batting - Pitching for Columbia Fireflies : RHP Matt Bennett
|
Batting: RHB Kyle Garrett
|
0-0: Called Strike 0-1: Ground out 5-3 (Groundball, 56S, EV 90.0 MPH)
|
Batting: RHB Marcos Villalobos
|
0-0: Ball 1-0: Called Strike 1-1: Ball 2-1: Foul Ball, location: 2F 2-2: Ball 3-2: Strikes out swinging
|
Batting: SHB Nate Kopchak
|
0-0: Ball 1-0: DOUBLE (Line Drive, 5D, EV 95.6 MPH)
|
Batting: LHB Kevin Wiebe
|
0-0: Foul Ball, location: 2F 0-1: Foul Ball, location: 2F 0-2: Foul Ball, location: 2F 0-2: Foul Ball, location: 2F 0-2: Foul Ball, location: 2F 0-2: Strikes out swinging
|
Top of the 5th over - 0 runs, 1 hit, 0 errors, 1 left on base; Tulsa 0 - Columbia 0 |
BOTTOM OF THE 5TH |
Columbia Fireflies batting - Pitching for Tulsa Drillers : RHP Isidro Aguirre
|
Batting: RHB Dan Muse
|
0-0: Called Strike 0-1: Swinging Strike 0-2: Strikes out swinging
|
Batting: RHB Fathi Addae
|
0-0: Ball 1-0: Ball 2-0: Ball 3-0: Called Strike 3-1: Ground out 5-3 (Groundball, 56, EV 104.4 MPH)
|
Batting: RHB David Reyna
|
0-0: Foul Ball, location: 2F 0-1: Ball 1-1: Swinging Strike 1-2: Ball 2-2: Foul Ball, location: 2F 2-2: Fly out, F8 (Flyball, 8RXD, EV 96.9 MPH)
|
Bottom of the 5th over - 0 runs, 0 hits, 0 errors, 0 left on base; Tulsa 0 - Columbia 0 |
TOP OF THE 6TH |
Tulsa Drillers batting - Pitching for Columbia Fireflies : RHP Matt Bennett
|
Batting: RHB Jonathan Kirsch
|
0-0: Called Strike 0-1: Foul Ball, location: 2F 0-2: Foul Ball, location: 2F 0-2: Foul Ball, location: 2F 0-2: Ball 1-2: Fly out, F5 (Popup, 56, EV 59.4 MPH)
|
Batting: RHB Tony Rivera
|
0-0: Ball 1-0: Called Strike 1-1: Called Strike 1-2: Foul Ball, location: 2F 1-2: Strikes out swinging
|
Batting: RHB Aaron Burress
|
0-0: Swinging Strike 0-1: Ground out 6-3 (Groundball, 6D, EV 82.5 MPH)
|
Top of the 6th over - 0 runs, 0 hits, 0 errors, 0 left on base; Tulsa 0 - Columbia 0 |
BOTTOM OF THE 6TH |
Columbia Fireflies batting - Pitching for Tulsa Drillers : RHP Isidro Aguirre
|
Batting: SHB Masatoshi Akahoshi
|
0-0: Called Strike 0-1: Ball 1-1: Swinging Strike 1-2: Foul Ball, location: 2F 1-2: Ground out 4-3 (Groundball, 4M, EV 85.6 MPH)
|
Batting: RHB Larry Shoop
|
0-0: Ball 1-0: Ball 2-0: Ball 3-0: Base on Balls
|
Batting: SHB Justin Wallace
|
0-0: Called Strike Larry Shoop steals 2nd, throwing error, E2 Larry Shoop to third 0-1: Called Strike 0-2: Ground out 5-3 (Groundball, 6, EV 91.9 MPH)
|
Batting: LHB Tony Leyba
|
0-0: Called Strike 0-1: Called Strike 0-2: Foul Ball, location: 2F 0-2: Strikes out swinging
|
Bottom of the 6th over - 0 runs, 0 hits, 1 error, 1 left on base; Tulsa 0 - Columbia 0 |
TOP OF THE 7TH |
Tulsa Drillers batting - Pitching for Columbia Fireflies : RHP Matt Bennett
|
Batting: RHB Nick Getz
|
0-0: Ball 1-0: Ball 2-0: Fly out, F9 (Flyball, 9S, EV 83.1 MPH)
|
Batting: LHB Chris Barrera
|
0-0: Ball 1-0: Ball 2-0: Ball 3-0: Base on Balls
|
Batting: RHB Kyle Garrett
|
0-0: Called Strike 0-1: Ball 1-1: Fly out, F6 (Popup, 6MD, EV 51.2 MPH)
|
Batting: RHB Marcos Villalobos
|
0-0: SINGLE (Flyball, 7LS, EV 90.6 MPH) Chris Barrera to second
|
Pinch Runner at 2nd Justin Toth:
|
|
Batting: SHB Nate Kopchak
|
0-0: Called Strike 0-1: Ball 1-1: Ball 2-1: Fielders Choice at 2nd, U4 (Groundball, 4M, EV 85.6 MPH)
|
Top of the 7th over - 0 runs, 1 hit, 0 errors, 2 left on base; Tulsa 0 - Columbia 0 |
BOTTOM OF THE 7TH |
Columbia Fireflies batting - Pitching for Tulsa Drillers : RHP Isidro Aguirre
|
Now in RF: Justin Toth
|
|
Batting: RHB Jose Lara
|
0-0: Ball 1-0: Foul Ball, location: 2F 1-1: Fly out, F9 (Flyball, 89M, EV 96.2 MPH)
|
Batting: RHB Andy Carrell
|
0-0: Ball 1-0: Foul Ball, location: 2F 1-1: Ground out 5-3 (Groundball, 5, EV 95.6 MPH)
|
Batting: RHB Dan Muse
|
0-0: Called Strike 0-1: Called Strike 0-2: Ball 1-2: SINGLE (Flyball, 34D, EV 92.5 MPH)
|
Batting: RHB Fathi Addae
|
0-0: SINGLE (Groundball, 6M, EV 111.2 MPH) (infield hit) Dan Muse to second
|
Batting: RHB David Reyna
|
0-0: Ball 1-0: Called Strike 1-1: Ball 2-1: Foul Ball, location: 2F 2-2: Strikes out swinging
|
Bottom of the 7th over - 0 runs, 2 hits, 0 errors, 2 left on base; Tulsa 0 - Columbia 0 |
TOP OF THE 8TH |
Tulsa Drillers batting - Pitching for Columbia Fireflies : RHP Matt Bennett
|
Batting: LHB Kevin Wiebe
|
0-0: Called Strike 0-1: Foul Ball, location: 2F 0-2: Foul Ball, location: 2F 0-2: Foul Ball, location: 2F 0-2: Strikes out swinging
|
Pitching: LHP Keith Noftall
|
|
Batting: RHB Jonathan Kirsch
|
0-0: Called Strike 0-1: Fly out, F7 (Line Drive, 78D, EV 94.4 MPH)
|
Batting: RHB Tony Rivera
|
0-0: Ball 1-0: Ball 2-0: Called Strike 2-1: Foul Ball, location: 2F 2-2: Strikes out swinging
|
Top of the 8th over - 0 runs, 0 hits, 0 errors, 0 left on base; Tulsa 0 - Columbia 0 |
BOTTOM OF THE 8TH |
Columbia Fireflies batting - Pitching for Tulsa Drillers : RHP Isidro Aguirre
|
Batting: SHB Masatoshi Akahoshi
|
0-0: Ball 1-0: Called Strike 1-1: Ball 2-1: Fly out, F7 (Flyball, 7, EV 95.6 MPH)
|
Batting: RHB Larry Shoop
|
0-0: Ball 1-0: Swinging Strike 1-1: Ball 2-1: Ball 3-1: Called Strike 3-2: DOUBLE (Line Drive, 3D, EV 105.0 MPH)
|
Pitching: LHP William Lobo
|
|
Batting: SHB Justin Wallace
|
0-0: Called Strike Larry Shoop steals 3rd base (no throw) 0-1: Foul Ball, location: 2F 0-2: Ground out 5-3 (Groundball, 56S, EV 80.0 MPH)
|
Batting: RHB Elias Urbina
|
0-0: Ground out 1-3 (Groundball, 23, EV 68.8 MPH)
|
Bottom of the 8th over - 0 runs, 1 hit, 0 errors, 1 left on base; Tulsa 0 - Columbia 0 |
TOP OF THE 9TH |
Tulsa Drillers batting - Pitching for Columbia Fireflies : LHP Keith Noftall
|
Batting: RHB Aaron Burress
|
0-0: Ball 1-0: Called Strike 1-1: Ball 2-1: Ball 3-1: SINGLE (Line Drive, 3D, EV 96.2 MPH)
|
Batting: RHB Nick Getz
|
0-0: Swinging Strike 0-1: Ball 1-1: Foul Ball, location: 2F 1-2: Ball 2-2: Fly out, F9 (Flyball, 9, EV 94.4 MPH)
|
Batting: SHB Justin Toth
|
0-0: Ball 1-0: Called Strike 1-1: Swinging Strike 1-2: Ball 2-2: Strikes out swinging
|
Batting: RHB Kyle Garrett
|
0-0: Ball 1-0: Called Strike 1-1: Ball 2-1: Foul Ball, location: 2F 2-2: SINGLE (Groundball, 6MD, EV 99.4 MPH) Aaron Burress to second
|
Pinch Runner at 2nd Daniel Samano:
|
|
Batting: RHB Marcos Villalobos
|
0-0: Called Strike 0-1: Foul Ball, location: 2F 0-2: Strikes out swinging
|
Top of the 9th over - 0 runs, 2 hits, 0 errors, 2 left on base; Tulsa 0 - Columbia 0 |
BOTTOM OF THE 9TH |
Columbia Fireflies batting - Pitching for Tulsa Drillers : LHP William Lobo
|
Pitching: RHP Etsuji Kawasaki
|
|
Now at C: Daniel Samano
|
|
Batting: RHB Jose Lara
|
0-0: Called Strike 0-1: Ball 1-1: Ball 2-1: Called Strike 2-2: Foul Ball, location: 2F 2-2: Foul Ball, location: 2F 2-2: Foul Ball, location: 2F 2-2: Ball 3-2: Foul Ball, location: 2F 3-2: SINGLE (Line Drive, 9S, EV 103.1 MPH)
|
Batting: RHB Andy Carrell
|
0-0: Bunted foul 0-1: Sac Bunt to 2R - play at first, batter OUT! 2-3 Jose Lara to second
|
Pinch Hitting: LHB Preston Knaak
|
0-0: Intentional Walk
|
Batting: RHB Fathi Addae
|
0-0: Ball 1-0: Called Strike 1-1: SINGLE (Line Drive, 89S, EV 105.6 MPH) Jose Lara to third Preston Knaak to second
|
Pitching: RHP Jeff Coates
|
|
Pinch Hitting: RHB Masaya Nakamura
|
0-0: Foul Ball, location: 2F 0-1: Ball 1-1: Ball 2-1: Foul Ball, location: 2F 2-2: Foul Ball, location: 2F 2-2: Ball 3-2: Foul Ball, location: 2F 3-2: Strikes out swinging
|
Batting: SHB Masatoshi Akahoshi
|
0-0: Called Strike 0-1: Ball 1-1: Called Strike 1-2: Ground out U3 (Groundball, 3, EV 83.1 MPH)
|
Bottom of the 9th over - 0 runs, 2 hits, 0 errors, 3 left on base; Tulsa 0 - Columbia 0 |
TOP OF THE 10TH |
Tulsa Drillers batting - Pitching for Columbia Fireflies : LHP Keith Noftall
|
Now at C: Preston Knaak
|
|
Now at 1B: Masaya Nakamura
|
|
Batting: SHB Nate Kopchak
|
0-0: Called Strike 0-1: Ball 1-1: Ball 2-1: Fly out, F4 (Popup, 4M, EV 66.2 MPH)
|
Batting: RHB Robby Cuellar
|
0-0: Fly out, F8 (Flyball, 8LXD, EV 106.2 MPH)
|
Batting: RHB Jonathan Kirsch
|
0-0: Called Strike 0-1: Ball 1-1: Ball 2-1: Foul Ball, location: 2F 2-2: Ball 3-2: Fly out, F8 (Flyball, 8RD, EV 101.9 MPH)
|
Top of the 10th over - 0 runs, 0 hits, 0 errors, 0 left on base; Tulsa 0 - Columbia 0 |
BOTTOM OF THE 10TH |
Columbia Fireflies batting - Pitching for Tulsa Drillers : RHP Jeff Coates
|
Batting: RHB Larry Shoop
|
0-0: Foul Ball, location: 2F 0-1: Swinging Strike 0-2: Ball 1-2: Ball 2-2: Ball 3-2: Strikes out looking
|
Batting: SHB Justin Wallace
|
0-0: Ball 1-0: Swinging Strike 1-1: Ground out 5-3 (Groundball, 6, EV 84.4 MPH)
|
Batting: RHB Elias Urbina
|
0-0: Called Strike 0-1: Ball 1-1: Ground out U3 (Groundball, 34, EV 110.0 MPH)
|
Bottom of the 10th over - 0 runs, 0 hits, 0 errors, 0 left on base; Tulsa 0 - Columbia 0 |
TOP OF THE 11TH |
Tulsa Drillers batting - Pitching for Columbia Fireflies : LHP Keith Noftall
|
Pitching: RHP Jason Horvath
|
|
Batting: RHB Tony Rivera
|
0-0: SINGLE (Flyball, 9LS, EV 87.5 MPH)
|
Batting: RHB Daniel Samano
|
0-0: Sac Bunt to 5S - play at first, batter OUT! 5-3 Tony Rivera to second
|
Batting: RHB Nick Getz
|
0-0: Swinging Strike 0-1: Swinging Strike 0-2: Foul Ball, location: 2F 0-2: Strikes out swinging
|
Batting: SHB Justin Toth
|
0-0: Intentional Walk
|
Batting: RHB Kyle Garrett
|
0-0: Ball 1-0: Fielders Choice at 2nd, 6-4 (Groundball, 56, EV 107.5 MPH)
|
Top of the 11th over - 0 runs, 1 hit, 0 errors, 2 left on base; Tulsa 0 - Columbia 0 |
BOTTOM OF THE 11TH |
Columbia Fireflies batting - Pitching for Tulsa Drillers : RHP Jeff Coates
|
Batting: RHB Jose Lara
|
0-0: Foul Ball, location: 2F 0-1: Called Strike 0-2: Strikes out swinging
|
Batting: RHB Andy Carrell
|
0-0: Foul Ball, location: 2F 0-1: Ball 1-1: Ground out 6-3 (Groundball, 56, EV 102.5 MPH)
|
Batting: LHB Preston Knaak
|
0-0: Called Strike 0-1: Ball 1-1: Foul Ball, location: 2F 1-2: Ground out 4-3 (Groundball, 34D, EV 78.8 MPH)
|
Bottom of the 11th over - 0 runs, 0 hits, 0 errors, 0 left on base; Tulsa 0 - Columbia 0 |
TOP OF THE 12TH |
Tulsa Drillers batting - Pitching for Columbia Fireflies : RHP Jason Horvath
|
Batting: RHB Marcos Villalobos
|
0-0: Ball 1-0: Fly out, F9 (Flyball, 9, EV 90.0 MPH)
|
Batting: SHB Nate Kopchak
|
0-0: Ball 1-0: Called Strike 1-1: Ball 2-1: Swinging Strike 2-2: Strikes out swinging
|
Batting: RHB Robby Cuellar
|
0-0: SINGLE (Groundball, 6MD, EV 98.1 MPH)
|
Batting: RHB Jonathan Kirsch
|
0-0: Called Strike 0-1: Foul Ball, location: 2F 0-2: Ball 1-2: Ball 2-2: SINGLE (Groundball, 6MD, EV 98.8 MPH) Robby Cuellar to second Runner from 2nd tries for 3rd, SAFE, throw by CF made to third
|
Batting: RHB Tony Rivera
|
0-0: Fly out, F8 (Flyball, 8RD, EV 95.0 MPH)
|
Top of the 12th over - 0 runs, 2 hits, 0 errors, 2 left on base; Tulsa 0 - Columbia 0 |
BOTTOM OF THE 12TH |
Columbia Fireflies batting - Pitching for Tulsa Drillers : RHP Jeff Coates
|
Pitching: RHP Jordan Arredondo
|
|
Batting: RHB Fathi Addae
|
0-0: Fly out, F8 (Flyball, 8LD, EV 92.5 MPH)
|
Batting: RHB Masaya Nakamura
|
0-0: Called Strike 0-1: Called Strike 0-2: Foul Ball, location: 2F 0-2: Ball 1-2: Ball 2-2: Ball 3-2: Strikes out swinging
|
Batting: SHB Masatoshi Akahoshi
|
0-0: Foul Ball, location: 2F 0-1: Foul Ball, location: 2F 0-2: DOUBLE (Groundball, 5L, EV 98.1 MPH)
|
Batting: RHB Larry Shoop
|
0-0: Ball 1-0: Ball 2-0: Foul Ball, location: 2F 2-1: Ball 3-1: Foul Ball, location: 2F 3-2: Foul Ball, location: 2F 3-2: Foul Ball, location: 2F 3-2: Ground out 3-1 (Groundball, 34S, EV 90.6 MPH)
|
Bottom of the 12th over - 0 runs, 1 hit, 0 errors, 1 left on base; Tulsa 0 - Columbia 0 |
TOP OF THE 13TH |
Tulsa Drillers batting - Pitching for Columbia Fireflies : RHP Jason Horvath
|
Batting: RHB Daniel Samano
|
0-0: Ball 1-0: Called Strike 1-1: Ball 2-1: Swinging Strike 2-2: Ball 3-2: Strikes out swinging
|
Batting: RHB Nick Getz
|
0-0: Ball 1-0: Foul Ball, location: 2F 1-1: Called Strike 1-2: Ball 2-2: SOLO HOME RUN (Line Drive, 78XD, EV 99.4 MPH), Distance : 409 ft
|
Batting: SHB Justin Toth
|
0-0: Ball 1-0: Ball 2-0: Swinging Strike 2-1: Called Strike 2-2: Ball 3-2: SINGLE (Flyball, 7LS, EV 90.6 MPH) - OUT at second base trying to stretch hit.
|
Batting: RHB Kyle Garrett
|
0-0: Foul Ball, location: 2F 0-1: Ball 1-1: Foul Ball, location: 2F 1-2: Ball 2-2: Strikes out swinging
|
Top of the 13th over - 1 run, 2 hits, 0 errors, 0 left on base; Tulsa 1 - Columbia 0 |
BOTTOM OF THE 13TH |
Columbia Fireflies batting - Pitching for Tulsa Drillers : RHP Jordan Arredondo
|
Batting: SHB Justin Wallace
|
0-0: Foul Ball, location: 2F 0-1: Foul Ball, location: 2F 0-2: Ball 1-2: Fly out, F8 (Line Drive, 8RD, EV 107.5 MPH)
|
Batting: RHB Elias Urbina
|
0-0: Called Strike 0-1: Foul Ball, location: 2F 0-2: Foul Ball, location: 2F 0-2: Hit by Pitch
|
Batting: RHB Jose Lara
|
0-0: Called Strike 0-1: Foul Ball, location: 2F 0-2: Ball 1-2: Ball 2-2: SINGLE (Groundball, 6M, EV 98.8 MPH) Elias Urbina to second Runner from 2nd tries for 3rd, SAFE, throw by CF made to third
|
Pitching: RHP John Haight
|
|
Batting: RHB Andy Carrell
|
0-0: Ball 1-0: Ball 2-0: Ball 3-0: Base on Balls Jose Lara to second
|
Batting: LHB Preston Knaak
|
0-0: Ball 1-0: Foul Ball, location: 2F 1-1: Called Strike 1-2: Ball 2-2: Fly out, F9 (Line Drive, 9, EV 99.4 MPH) Runner from 3rd tags up, SCORES, throw by RF Jose Lara to third
|
Batting: RHB Fathi Addae
|
0-0: Called Strike 0-1: Foul Ball, location: 2F 0-2: Foul Ball, location: 2F 0-2: Strikes out looking
|
Bottom of the 13th over - 1 run, 1 hit, 0 errors, 2 left on base; Tulsa 1 - Columbia 1 |
TOP OF THE 14TH |
Tulsa Drillers batting - Pitching for Columbia Fireflies : RHP Jason Horvath
|
Batting: RHB Marcos Villalobos
|
0-0: Fly out, F8 (Flyball, 8RD, EV 103.1 MPH)
|
Batting: SHB Nate Kopchak
|
0-0: Foul Ball, location: 2F 0-1: Ball 1-1: Foul Ball, location: 2F 1-2: Ball 2-2: Foul Ball, location: 2F 2-2: Ball 3-2: Base on Balls
|
Pitching: RHP Justin Wilkins
|
|
Batting: RHB Robby Cuellar
|
0-0: Ball 1-0: Called Strike 1-1: DOUBLE (Line Drive, 9LM, EV 99.4 MPH) Nate Kopchak to third
|
Batting: RHB Jonathan Kirsch
|
0-0: Called Strike 0-1: Foul Ball, location: 2F 0-2: Strikes out swinging
|
Batting: RHB Tony Rivera
|
0-0: SINGLE (Groundball, 4S, EV 65.6 MPH) (infield hit) Nate Kopchak scores Robby Cuellar to third
|
Batting: RHB Daniel Samano
|
0-0: Called Strike 0-1: Foul Ball, location: 2F 0-2: Strikes out swinging
|
Top of the 14th over - 1 run, 2 hits, 0 errors, 2 left on base; Tulsa 2 - Columbia 1 |
BOTTOM OF THE 14TH |
Columbia Fireflies batting - Pitching for Tulsa Drillers : RHP John Haight
|
Batting: RHB Masaya Nakamura
|
0-0: Foul Ball, location: 2F 0-1: Foul Ball, location: 2F 0-2: Ball 1-2: Ball 2-2: Ball 3-2: DOUBLE (Line Drive, 9LS, EV 106.9 MPH)
|
Batting: SHB Masatoshi Akahoshi
|
0-0: Ball 1-0: Ball 2-0: Ball 3-0: Base on Balls
|
Batting: RHB Larry Shoop
|
0-0: Ball 1-0: Ball 2-0: Ball 3-0: Called Strike 3-1: Base on Balls Masaya Nakamura to third Masatoshi Akahoshi to second
|
Batting: SHB Justin Wallace
|
0-0: Foul Ball, location: 2F 0-1: Called Strike 0-2: SINGLE (Groundball, 4M, EV 96.9 MPH) Masaya Nakamura scores Masatoshi Akahoshi to third Larry Shoop to second
|
Pitching: RHP Josh Weiser
|
|
Batting: RHB Elias Urbina
|
0-0: Ball 1-0: Swinging Strike 1-1: Foul Ball, location: 2F 1-2: Grounds into fielders choice U2 (Groundball, 15S, EV 66.2 MPH) Larry Shoop to third Justin Wallace to second
|
Batting: RHB Jose Lara
|
0-0: Ball 1-0: Ball 2-0: Ball 3-0: Grounds into double play, 5-2-3 (Groundball, 5, EV 83.1 MPH)
|
Bottom of the 14th over - 1 run, 2 hits, 0 errors, 2 left on base; Tulsa 2 - Columbia 2 |
TOP OF THE 15TH |
Tulsa Drillers batting - Pitching for Columbia Fireflies : RHP Justin Wilkins
|
Batting: RHB Nick Getz
|
0-0: Fly out, F6 (Popup, 6MD, EV 46.9 MPH)
|
Batting: SHB Justin Toth
|
0-0: Ball 1-0: Called Strike 1-1: Ball 2-1: Foul Ball, location: 2F 2-2: Foul Ball, location: 2F 2-2: Fly out, F8 (Flyball, 8LXD, EV 89.4 MPH)
|
Batting: RHB Kyle Garrett
|
0-0: Ball 1-0: Foul Ball, location: 2F 1-1: Swinging Strike 1-2: Strikes out looking
|
Top of the 15th over - 0 runs, 0 hits, 0 errors, 0 left on base; Tulsa 2 - Columbia 2 |
BOTTOM OF THE 15TH |
Columbia Fireflies batting - Pitching for Tulsa Drillers : RHP Josh Weiser
|
Batting: RHB Andy Carrell
|
0-0: Ball 1-0: Foul Ball, location: 2F 1-1: Foul Ball, location: 2F 1-2: Fly out, F8 (Flyball, 89D, EV 98.1 MPH)
|
Batting: LHB Preston Knaak
|
0-0: Called Strike 0-1: Ball 1-1: Called Strike 1-2: Ball 2-2: Ground out 3-1 (Groundball, 34, EV 101.2 MPH)
|
Batting: RHB Fathi Addae
|
0-0: SINGLE (Groundball, 25, EV 71.2 MPH) (infield hit)
|
Batting: RHB Masaya Nakamura
|
0-0: Ball 1-0: Ball 2-0: Ball 3-0: Called Strike 3-1: Foul Ball, location: 2F 3-2: Base on Balls Fathi Addae to second
|
Batting: SHB Masatoshi Akahoshi
|
0-0: Called Strike 0-1: Fly out, F8 (Flyball, 8LS, EV 81.9 MPH)
|
Bottom of the 15th over - 0 runs, 1 hit, 0 errors, 2 left on base; Tulsa 2 - Columbia 2 |
TOP OF THE 16TH |
Tulsa Drillers batting - Pitching for Columbia Fireflies : RHP Justin Wilkins
|
Batting: RHB Marcos Villalobos
|
0-0: Called Strike 0-1: Ball 1-1: Ball 2-1: Ball 3-1: Ground out 5-3 (Groundball, 5, EV 87.5 MPH)
|
Batting: SHB Nate Kopchak
|
0-0: Foul Ball, location: 2F 0-1: Foul Ball, location: 2F 0-2: Foul Ball, location: 2F 0-2: Strikes out swinging
|
Batting: RHB Robby Cuellar
|
0-0: Ball 1-0: Swinging Strike 1-1: Ball 2-1: Foul Ball, location: 2F 2-2: Strikes out looking
|
Top of the 16th over - 0 runs, 0 hits, 0 errors, 0 left on base; Tulsa 2 - Columbia 2 |
BOTTOM OF THE 16TH |
Columbia Fireflies batting - Pitching for Tulsa Drillers : RHP Josh Weiser
|
Batting: RHB Larry Shoop
|
0-0: Ball 1-0: Ball 2-0: Ball 3-0: Called Strike 3-1: Foul Ball, location: 2F 3-2: Strikes out swinging
|
Batting: SHB Justin Wallace
|
0-0: Called Strike 0-1: Ball 1-1: Called Strike 1-2: Fly out, F9 (Line Drive, 9, EV 88.1 MPH)
|
Batting: RHB Elias Urbina
|
0-0: Ball 1-0: Called Strike 1-1: Ball 2-1: SOLO HOME RUN (Flyball, 89XD, EV 98.8 MPH), Distance : 402 ft
|
Bottom of the 16th over - 1 run, 1 hit, 0 errors, 0 left on base; Tulsa 2 - Columbia 3 |
|